 Dungeon Crawl Stone Soup version 0.28.0-53-g5a82cb258f (webtiles) character file.

Game seed: 18295007141499526372

87 concernfroge the Conjurer (level 4, -1/24 HPs)
             Began as a Deep Elf Conjurer on July 4, 2022.
             Slain by an adder (2 damage)
             ... on level 3 of the Dungeon.
             The game lasted 00:06:42 (2284 turns).

concernfroge the Conjurer (Deep Elf Conjurer)       Turns: 2284, Time: 00:06:43

Health: -1/24      AC:  2    Str:  9 (10) XL:     4   Next: 28%
Magic:  12/12      EV: 11    Int: 24 (25) God:
Gold:   103        SH:  0    Dex: 10 (13) Spells: 2/12 levels left

rFire   . . .      SeeInvis .   (no weapon)
rCold   . . .      Faith    .   k - +0 buckler
rNeg    . . .      Spirit   .   a - +0 robe
rPois   .          Reflect  .   (no helmet)
rElec   .          Harm     .   (no cloak)
rCorr   .          Rampage  .   (no gloves)
Will    .....                   (no boots)
Stlth   +.........              (no amulet)
HPRegen 0.08/turn               j - +6 ring of strength
MPRegen 0.13/turn               (no ring)

@: confused, on berserk cooldown, slowed, very slow
A: no striking features
a: no special abilities


You were on level 3 of the Dungeon.
You visited 1 branch of the dungeon, and saw 3 of its levels.

You collected 103 gold pieces.

Inventory:

Armour
 a - a +0 robe (worn)
 k - a +0 buckler (worn)
Jewellery
 j - a +6 ring of strength (left hand)
Scrolls
 e - a scroll of brand weapon
 g - a scroll of blinking {unknown}
 i - a scroll of immolation {unknown}
 l - a scroll of magic mapping {unknown}
 m - a scroll of vulnerability {unknown}


   Skills:
 - Level 2.4 Dodging
 - Level 2.4 Stealth
 + Level 0.7 Shields
 + Level 4.5 Spellcasting
 + Level 5.3 Conjurations
 + Level 1.3 Hexes


You had 2 spell levels left.
You knew the following spells:

 Your Spells              Type           Power      Damage    Failure   Level
a - Magic Dart            Conj           100%       1d8       1%          1
b - Searing Ray           Conj           60%        2d6       2%          2
c - Dazzling Flash        Conj/Hex       42%        N/A       10%         3
d - Fulminant Prism       Conj/Hex       10%        3d9       32%         4

Your spell library contained the following spells:

 Spells                   Type           Power      Damage    Failure   Level
 Gell's Gravitas          Tloc           5%         N/A       36%         3
 Teleport Other           Tloc           5%         N/A       36%         3
 Iskenderun's Mystic Bla  Conj/Tloc      18%        2d6       38%         4
 Dispersal                Tloc           2%         N/A       100%        6


Dungeon Overview and Level Annotations

Branches:
Dungeon (3/15)

Altars:


Message History

It was a potion of degeneration.
There was something very wrong with that liquid.
You feel weakened.
You feel dopey.
You feel clumsy.
You feel less confused. The orc wizard closely misses you. The adder bites you.
The orc wizard closely misses you. The adder closely misses you.
It was a potion of curing.
You feel better. The adder barely misses you.
You block the orc wizard's attack. The adder barely misses you.
It was a potion of magic.
Magic courses through your body. The orc wizard closely misses you.
The adder closely misses you.
The orc wizard hits you with a +0 dagger.
The adder barely misses you.
As you read the scroll labelled FOGEFE KIKIMPI, it crumbles to dust.
It is a scroll of identify.
e - a scroll of brand weapon The adder barely misses you.
The orc wizard casts a spell at you.
You are confused.
The adder barely misses you.
The orc shouts!
You are too confused!
Unknown command.
You are too confused!
You are too confused!
You aren't carrying any potions.
The orc wizard barely misses you.
The orc wizard points at you and mumbles some strange words.
You are more confused.
The adder bites you.
The orc wizard points at you and mumbles some strange words.
The magic dart hits you!
* * * LOW HITPOINT WARNING * * *
The adder barely misses you.
You aren't carrying any potions.
The orc wizard hits you with a +0 dagger.
* * * LOW HITPOINT WARNING * * *
The adder bites you.
* * * LOW HITPOINT WARNING * * *
The adder bites you.
You die...

##.. ... #)) #)#
#$# #
####.###.####
#.##.o..........
#....S..########
####@##.# #.##.#
#.##.# ......
#.##.# #.##.#
#....# ####.#


You could see an orc wizard and an adder.

Vanquished Creatures
  4 adders (D:2)
  A worm (D:2)
  2 orcs (D:3)
  4 bats
  2 endoplasms
  2 giant cockroaches (D:1)
  2 goblins (D:1)
  4 hobgoblins
  2 jackals (D:1)
  2 quokkas
  3 ball pythons (D:2)
  3 frilled lizards
  9 kobolds
  6 rats
46 creatures vanquished.

Notes
Turn   | Place    | Note
-------+----------+-------------------------------------------
     0 | D:1      | concernfroge the Deep Elf Conjurer began the quest for the
                  | Orb.
     0 | D:1      | Reached XP level 1. HP: 10/10 MP: 6/6
   305 | D:1      | Reached XP level 2. HP: 15/15 MP: 5/8
   308 | D:1      | Learned a level 2 spell: Searing Ray
   422 | D:1      | Found a faded altar of an unknown god.
  1400 | D:2      | Reached XP level 3. HP: 19/19 MP: 6/10
  1404 | D:2      | Reached skill level 5 in Conjurations
  1408 | D:2      | Learned a level 3 spell: Dazzling Flash
  1748 | D:2      | Reached skill level 1 in Hexes
  1948 | D:2      | Reached XP level 4. HP: 24/24 MP: 9/12
  1953 | D:2      | Learned a level 4 spell: Fulminant Prism
  2283 | D:3      | HP: 1/24 [adder (1)]
  2284 | D:3      | Slain by an adder

Illustrated notes

Levels and vault maps discovered:
D:1:      minmay_arrival_four_loops, layout_basic,
          shapermc_ecumenical_altar_mp_ritualfount
D:2:      layout_basic
D:3:      cheibrodos_thug_alley, layout_loops_ring, ebering_ghost_disaster_area,
          uniq_crazy_yiuf_cottage

Skill      XL: |  1  2  3 |
---------------+----------+-----
Spellcasting   | 4 |  4.5
Conjurations   | 5 |  5.3
Hexes          | 1 |  1.3
Dodging        | |  2.4
Stealth        | |  2.4
Shields        | |  0.7

Action                   |  1- 3 |  4- 6 || total
-------------------------+-------+-------++-------
Melee: Unarmed           |       |     1 ||     1
 Cast: Magic Dart        |    69 |     9 ||    78
       Searing Ray       |     1 |     6 ||     7
  Use: Potion            |       |     4 ||     4
       Scroll            |       |     1 ||     1
Armor: Robe              |     1 |       ||     1
Dodge: Dodged            |     2 |    17 ||    19
Block: Buckler           |       |     1 ||     1
